 Dungeon Crawl Stone Soup version 0.22-a0-469-gf26638a (webtiles) character file.

140 Veiltonx the Chopper (level 5, -3/45 HPs)
             Began as a Minotaur Fighter on June 11, 2018.
             Slain by an orc wizard
             ... wielding a +0 dagger
              (4 damage)
             ... on level 2 of the Dungeon.
             The game lasted 00:01:59 (846 turns).

Veiltonx the Chopper (Minotaur Fighter)              Turns: 846, Time: 00:02:00

Health: -3/45      AC:  6    Str: 21    XL:     5   Next: 2%
Magic:  4/4        EV:  7    Int:  5    God:
Gold:   36         SH:  9    Dex: 10    Spells: 4/4 levels left

rFire    . . .     SeeInvis .   a - +0 war axe
rCold    . . .     Gourm    .   c - +0 shield
rNeg     . . .     Faith    .   b - +0 scale mail
rPois    .         Spirit   .   (helmet restricted)
rElec    .         Reflect  .   (no cloak)
rCorr    .         Harm     .   (no gloves)
MR       .....                  (no boots)
Stlth    ..........             (no amulet)
HPRegen  0.15/turn              (no ring)
MPRegen  0.09/turn              (no ring)

@: no status effects
A: retaliatory headbutt, horns 2
a: no special abilities


You were on level 2 of the Dungeon.
You were not hungry.

You visited 1 branch of the dungeon, and saw 2 of its levels.

You collected 36 gold pieces.

Inventory:

Hand Weapons
 a - a +0 war axe (weapon)
Armour
 b - a +0 scale mail (worn)
 c - a +0 shield (worn)
Scrolls
 h - 2 scrolls of immolation {unknown}
 j - a scroll of enchant armour {unknown}
 n - a scroll of magic mapping {unknown}
 o - a scroll of remove curse {unknown}
Potions
 d - a potion of might
 g - 3 potions of haste
 i - a potion of lignification {unknown}
 k - a potion of invisibility {unknown}
 l - 2 potions of agility {unknown}
Comestibles
 f - 4 rations
 m - 3 chunks of flesh


   Skills:
 - Level 3.6 Fighting
 + Level 6.3 Axes
 - Level 3.6 Armour
 - Level 3.6 Shields


You had 4 spell levels left.
You didn't know any spells.
Your spell library was empty.

Dungeon Overview and Level Annotations

Branches:
Dungeon (2/15)

Altars:


Innate Abilities, Weirdness & Mutations

You reflexively headbutt those who attack you in melee.
You have a pair of horns on your head.


Message History

The orc completely misses you.
You closely miss something. You headbutt something. You barely miss the orc.
Something hits you.
* * * LOW HITPOINT WARNING * * *
The orc hits you but does no damage. Something hits you but does no damage.
You hit something. You headbutt something!
Your shield and scale mail prevent you from hitting the orc.
You block the orc's attack.
You hear some strange, mumbled words.
A magic dart appears from out of thin air!
The magic dart hits you!
* * * LOW HITPOINT WARNING * * *
It was a potion of haste.
You feel yourself speed up. The orc hits you but does no damage.
It was a potion of cancellation.
Your magical effects are unravelling.
You feel magically purged.
You feel yourself slow down. Something hits you.
You die...

.. #.# #.# #.#
#.### #... #####
#####.#
#...########.....#
#............###@#
#...##########
#{o...... ##.##
#o....... #.#
#.#.####. #.#
#.#.# #.# #.#.#
#.# ... # ### #.#
... ..# #.### #
#.#


You could see 2 orcs.

Vanquished Creatures
  An orc wizard (D:2)
  Natasha (twice) (D:2)
  An adder (D:2)
  3 oozes
  A worm (D:2)
  2 leopard geckos (D:1)
  An orc (D:2)
  2 giant cockroaches (D:2)
  3 goblins
  3 hobgoblins
  7 bats
  4 frilled lizards
  3 kobolds (D:1)
  8 rats
41 creatures vanquished.

Notes
Turn   | Place    | Note
-------+----------+-------------------------------------------
     0 | D:1      | Veiltonx the Minotaur Fighter began the quest for the Orb.
     0 | D:1      | Reached XP level 1. HP: 19/19 MP: 0/0
    13 | D:1      | Reached skill level 3 in Axes
    80 | D:1      | Reached XP level 2. HP: 26/26 MP: 1/1
   147 | D:1      | Reached skill level 4 in Axes
   450 | D:1      | Reached XP level 3. HP: 31/31 MP: 2/2
   622 | D:2      | Noticed Natasha
   630 | D:2      | Killed Natasha
   630 | D:2      | Reached skill level 5 in Axes
   745 | D:2      | Reached XP level 4. HP: 39/39 MP: 3/3
   823 | D:2      | Noticed Natasha
   829 | D:2      | Reached skill level 6 in Axes
   830 | D:2      | Killed Natasha
   830 | D:2      | Reached XP level 5. HP: 33/45 MP: 4/4
   844 | D:2      | HP: 1/45 [something/magic dart (6)]
   846 | D:2      | Slain by an orc wizard

Vault maps used:
D:1:      lightli_arrival_maybe_door_vault, minivault_19
D:2:      first_ration, uniq_natasha

Skill      XL: |  1  2  3  4 |
---------------+-------------+-----
Axes           | 3 4 5 6 |  6.3
Fighting       | |  3.6
Armour         | |  3.6
Shields        | |  3.6

Action                   |  1- 3 |  4- 6 || total
-------------------------+-------+-------++-------
Melee: War axe           |    77 |    25 ||   102
       Headbutt          |    10 |     4 ||    14
  Use: Potion            |       |     2 ||     2
Armor: Scale mail        |    29 |    17 ||    46
Dodge: Dodged            |    19 |     6 ||    25
Block: Shield            |    33 |    16 ||    49

Table legend:
 A = Spawn XP
 B = Non-spawn XP
 C = Spawn XP percentage of total XP
 D = Spawn monster count
 E = Non-spawn monster count
 F = Spawn count percentage of total count
 G = Total turns spent on level
                    A         B        C        D         E        F      G
               +---------+---------+-------+---------+---------+-------+---------
         Total |       0 |     201 |   0.0 |       0 |      41 |   0.0 |   846
               +---------+---------+-------+---------+---------+-------+---------
           D:1 |       0 |      41 |   0.0 |       0 |      21 |   0.0 |   571
           D:2 |       0 |     160 |   0.0 |       0 |      20 |   0.0 |   275
               +---------+---------+-------+---------+---------+-------+---------
